cohdb
Replays
Latest Replays
All Replays
Popular Replays
Top Player Replays
Match Explorer
How It Works
Community
CoH3 Stats
Reddit
Sign in to upload your games and track your stats! →
Sign in with Steam
Match 41510888
Unlisted
Match 41510888
Overview
Messages
Build Orders
End
Kettenkrad Recon Vehicle
Construct Infanterie Kompanie
Grenadier Squad
MG 42 Machine Gun Team
Construct Panzergrenadier Kompanie
Panzergrenadier Squad
251 Medium Carrier
Selects Mechanized Battlegroup
Panzergrenadier Squad
Selects Raid Package
Panzergrenadier Squad
Medical Bunker
Selects 8 Rad Armored Car
8 Rad Armored Car
Pak 40 Anti-tank Gun Team
Construct Panzer Kompanie
MG 42 Machine Gun Team
Stoßtruppen Squad
Panzer IV Medium Tank
Anhangá
insane
Chompy
Schakal
I'M THE COOK
Firm Hands
mooncat_black
0
0
Comments
sign in to comment!
No comments posted yet!